Zazza, neutral female gnomish Wizard -------------- |..........<.| |_...........| |............| -|--|--------- # # #### ------------ ## |..........| ### ...........| #### # |..........| # ##### ##################*########f.@......... --|--|--|---# # |..........| |..........|## ------------ |..........-# |..........| ------------ Zazza the Evoker Experience level: 1 Strength: 9 Dexterity: 15 Constitution: 14 Intelligence: 19 Wisdom: 8 Charisma: 10 Health: 0(14) Energy: 3(7) Def: 2 Gold: 352 Moves: 1625 Dungeon seed: eEWgBmDRESObz1kJ Game ID: Zazza_1620973357 Your Inventory: Coins $ - 352 gold pieces Weapons a - a blessed +1 quarterstaff Armor e - an uncursed +0 cloak of magic resistance (being worn) n - an uncursed +0 pair of jumping boots (being worn) Comestibles t - 2 uncursed food rations A - an uncursed egg Scrolls i - an uncursed scroll of magic mapping j - 2 uncursed scrolls of remove curse p - an uncursed scroll of punishment B - an uncursed scroll of confuse monster Spellbooks k - a blessed spellbook of force bolt l - an uncursed spellbook of sleep Potions f - an uncursed potion of enlightenment g - an uncursed potion of confusion h - a blessed potion of object detection r - an uncursed potion of extra healing s - a blessed potion of enlightenment Rings c - an uncursed ring of searching d - an uncursed ring of protection from shape changers Wands b - a wand of cancellation (0:8) Tools x - an uncursed towel Spells and supernatural/magical abilities: Name Level Category Fail Memory a - force bolt 1 attack 0% 92% z - sleep 1 enchantment 0% 92% W - pray for help -- divine ? -- Y - supernatural jump -- ability ? -- Your skills at the end: Fighting Skills Weapon Skills quarterstaff [Basic] Spellcasting Skills attack spells [Basic] enchantment spells [Basic] Final Attributes: You were nominally aligned. You were magic-protected. You had infravision. You could jump. You are dead. Vanquished creatures: a shrieker a gas spore 2 yellow molds a red mold 2 geckos 4 jackals a fox a goblin a grid bug 7 lichens 3 kobold zombies 3 newts 27 creatures vanquished. Voluntary challenges: You never hit with a wielded weapon. You were a pacifist. You were illiterate. You never genocided any monsters. You never polymorphed an object. You never changed form. You used no wishes. You never split a pudding. You never wrote Elbereth's name. You never violated your personal moral code. Dungeon overview: The Dungeons of Doom: levels 1 to 4 Level 1 a long staircase Level 2 a fountain, a sink stairs to The Gnomish Mines Level 3 Level 4 <- You were here an altar to Ptah The Gnomish Mines: Level 3 stairs to The Dungeons of Doom History has recorded: On T:1 you entered the Dungeons of Doom to retrieve the Amulet of Yendor! On T:297 you reached level 2 of The Dungeons of Doom. On T:370 you reached level 1 of The Gnomish Mines. On T:867 you reached level 3 of The Dungeons of Doom. On T:1434 you reached level 4 of The Dungeons of Doom. Score breakdown: Gold: 352 ( 8666 points) Experience: 1 level ( 0 points) Exploration: 4 levels ( 8.89%) ( 7833 points) Discoveries: 1 item ( 0.35%) ( 1767 points) Valuables value: (no points given unless you survive) Artifact value: 0 ( 0 points) Variety of kills: 12 monsters ( 3.15%) ( 5324 points) Turncount: 1625 turns ( 0 points) Survival: died (score multiplied by 80%) Total score: 18872 Latest messages: The door opens. You displace Armand. You stop. Armand is in the way! You displace Armand. The door opens. You displace Armand. You stop. Armand is in the way! The door resists! (2x) You are beginning to feel hungry. The door resists! The door opens. This pancake is delicious! You finish eating the pancake. With great effort you move the boulder. You see here 64 rocks. Armand bites the gas spore. The gas spore is killed! Armand is caught in the gas spore's explosion! The gecko is caught in the gas spore's explosion! The gecko is killed! You are caught in the gas spore's explosion! Final status: Goodbye Zazza the Wizard, killed by a gas spore's explosion... You died in The Dungeons of Doom on dungeon level 4 with 18872 points, and 352 pieces of gold, after 1625 moves. You were level 1 with a maximum of 14 hit points when you died.